 Dungeon Crawl Stone Soup version 0.20.1-1-g8b1a95d (webtiles) character file.

18897 Minstaer the Blocker (level 12, -7/115 (116) HPs)
             Began as a Minotaur Fighter on Nov 6, 2017.
             Was an Elder of Nemelex Xobeh.
             Mangled by a polar bear (11 damage)
             ... in an ice cave.
             The game lasted 02:29:52 (13028 turns).

Minstaer the Blocker (Minotaur Fighter)            Turns: 13028, Time: 02:29:52

HP:   -7/115 (116)  AC: 15    Str: 25    XL:     12   Next: 31%
MP:   11/11         EV: 12    Int:  5    God:    Nemelex Xobeh [****..]
Gold: 286           SH: 14    Dex: 16    Spells: 11/11 levels left

rFire    . . .     SeeInvis .   a - +0 flail
rCold    . . .     Gourm    .   c - +0 shield
rNeg     + . .     Faith    .   r - +2 chain mail {rN+}
rPois    +         Spirit   .   (helmet restricted)
rElec    .         Reflect  .   u - +2 cloak {+Inv}
rCorr    .         Harm     .   (no gloves)
MR       .....                  n - +0 pair of boots
Stlth    ..........             k - amulet of rage
Regen    0.3/turn               S - ring "Musit" {rPois Dex+5 Stlth+}
MPRegen  0.2/turn               s - +4 ring of evasion

@: no status effects
A: retaliatory headbutt, horns 2
a: Triple Draw, Deal Four, Renounce Religion, Evoke Berserk Rage, Evoke
Invisibility


You were in an ice cave.
You worshipped Nemelex Xobeh.
Nemelex Xobeh was greatly pleased with you.
You were hungry.

You visited 3 branches of the dungeon, and saw 13 of its levels.
You also visited: Ice Cave.

You collected 754 gold pieces.
You spent 468 gold pieces at shops.

Inventory:

Hand Weapons
 a - a +0 flail (weapon)
 A - the +4 arbalest of Execution {elec, rElec Int+4, unknown}
   (You found it on level 1 of the Lair of Beasts)

   It charges the ammunition it shoots with electricity; occasionally upon a
   hit, such missiles may discharge and cause terrible harm.
   It affects your intelligence (+4).
   It insulates you from electricity.
 J - a +3 battleaxe
 Q - a +2 battleaxe of freezing
Missiles
 y - 6 javelins of penetration
 U - 7 poisoned tomahawks (quivered)
 Z - 3 tomahawks of returning
Armour
 c - a +0 shield (worn)
 n - a +0 pair of boots (worn)
 r - a +2 chain mail of positive energy (worn)
 u - a +2 cloak of invisibility (worn)
Jewellery
 k - an amulet of rage (around neck)
 s - a +4 ring of evasion (right hand)
 v - an uncursed ring of positive energy
 D - an uncursed ring of flight
 S - the ring "Musit" (left hand) {rPois Dex+5 Stlth+}
   (You found it on level 8 of the Dungeon)

   [ring of stealth]

   It affects your dexterity (+5).
   It protects you from poison.
   It makes you more stealthy.
Wands
 b - a wand of clouds (2/9)
 z - a wand of disintegration (16/24)
 F - a wand of confusion (24/48)
 L - a wand of paralysis (20/24)
 M - a wand of flame (15/48)
Scrolls
 e - 4 scrolls of remove curse
 g - 2 scrolls of immolation
 i - 3 scrolls of recharging
 j - 9 scrolls of enchant armour
 o - 3 scrolls of enchant weapon
 p - 7 scrolls of teleportation
 q - 2 scrolls of fog
 N - a scroll of vulnerability {unknown}
 T - 2 scrolls of fear
Potions
 d - a potion of might
 h - a potion of mutation {unknown}
 l - a potion of ambrosia
 m - 9 potions of curing {unknown}
 t - a potion of invisibility
 x - a potion of lignification {unknown}
 I - a potion of resistance
Books
 O - a book of Flames

   Spells                             Type                      Level
   a - Flame Tongue                   Conjuration/Fire             1
   b - Throw Flame                    Conjuration/Fire             2
   c - Conjure Flame                  Conjuration/Fire             3
   d - Inner Flame                    Hexes/Fire                   3
   e - Sticky Flame                   Conjuration/Fire             4
   f - Fireball                       Conjuration/Fire             5
Miscellaneous
 E - a plain deck of destruction {drawn: 4}
 H - a plain deck of summoning {drawn: 1}
 K - a plain deck of summoning {drawn: 5}
 P - a plain deck of destruction
Comestibles
 f - 8 bread rations
 w - 3 meat rations
 B - 2 fruits
 C - 13 chunks of flesh
 G - 6 royal jellies


   Skills:
 + Level 13.9 Fighting
 + Level 13.9 Maces & Flails
 - Level 3.6 Armour
 + Level 14.1 Shields


You had 11 spell levels left.
You didn't know any spells.

Dungeon Overview and Level Annotations

Branches:
Dungeon (11/15)            Temple (1/1) D:5            Lair (1/6) D:8
    Orc: D:9-12

Altars:
Ashenzari
Cheibriados
Dithmenos
Elyvilon
Fedhas
Gozag
Hepliaklqana
Kikubaaqudgha
Makhleb
Nemelex Xobeh
Okawaru
Qazlal
Ru
Sif Muna
Trog
Uskayaw
Vehumet
Xom
Yredelemnul
Zin
The Shining One

Shops:
D:4 *   D:5 [*   D:9 (


Innate Abilities, Weirdness & Mutations

You reflexively headbutt those who attack you in melee.
You have a pair of horns on your head.


Message History

You hit the polar bear but do no damage.
The polar bear is almost dead.
The polar bear goes berserk!
You barely miss the polar bear.
The polar bear is almost dead.
The polar bear bites you!!
* * * LOW HITPOINT WARNING * * *
The polar bear claws you.
* * * LOW HITPOINT WARNING * * *
You block the polar bear's attack.
You closely miss the polar bear.
The polar bear is almost dead.
The polar bear bites you!
* * * LOW HITPOINT WARNING * * *
The polar bear barely misses you. The polar bear closely misses you.
You hit the polar bear but do no damage.
The polar bear is almost dead.
The polar bear bites you!
You die...
Your body glows slightly and disappears.

## ##.# ###
#...#### ##.##
#"$#....#.#
##.#.#
#...h..#h##
##.#.##
#.#.#.#..#@##
#.#### #
##.##.# #..#
#####.##
##..##
##..#.##
##....#
#c..#..#
#.....##
##.##...#
##..#...#
#..###⌠.#
#..###..##
#.###..####.##
##..# #..#####
#..# ##.#


You could see a polar bear (berserk).

Vanquished Creatures
  2 two-headed ogres
  A deep elf mage (D:10)
  A manticore (D:11)
  A cyclops (D:10)
  Maurice (D:9)
  2 rime drakes (IceCv)
  13 polar bears (IceCv)
  A hornet (D:10)
  Prince Ribbit (D:5)
  5 hippogriffs
  18 yaks (IceCv)
  A wraith (D:10)
  2 hungry ghosts
  2 orc warriors (D:11)
  3 ice beasts
  4 sky beasts
  The ghost of Minstaer the Chopper, an amateur HOMo (D:3)
  5 phantoms
  5 ogres
  A necrophage (D:10)
  7 centaurs
  15 wolves (IceCv)
  2 crocodiles (Lair:1)
  A big kobold (D:11)
  2 bullfrogs
  A water moccasin zombie (D:9)
  A wyvern skeleton (D:10)
  5 scorpions
  4 jellies
  6 killer bees
  6 wights
  6 howler monkeys
  5 crimson imps
  A bullfrog zombie (D:11)
  A centaur zombie (D:8)
  8 orc priests
  8 hounds
  A bullfrog skeleton (D:5)
  A centaur skeleton (D:8)
  11 orc wizards
  5 iguanas
  Ijyb (D:3)
  5 worker ants
  A killer bee zombie (D:10)
  A hound skeleton (D:5)
  3 worker ant zombies
  A howler monkey skeleton (D:5)
  A gnoll (D:5)
  15 adders
  An ooze (D:1)
  2 adder skeletons
  3 adder zombies
  2 worms (D:2)
  4 dart slugs
  7 leopard geckos
  40 orcs
  6 bats
  4 giant cockroaches
  2 gnoll zombies (D:3)
  7 goblins
  5 hobgoblins
  2 jackals (D:2)
  6 quokkas
  A ball python (D:5)
  5 frilled lizards
  A jackal skeleton (D:4)
  10 kobolds
  A leopard gecko skeleton (D:7)
  A leopard gecko zombie (D:5)
  12 rats
317 creatures vanquished.

Vanquished Creatures (collateral kills)
  A frost giant (IceCv)
  The ghost of urutzu the Covert, a novice SpEn of Dithmenos (D:7)
  An ice statue (IceCv)
  A yak (IceCv)
  An orc warrior (D:6)
  An ice beast (D:5)
  3 centaurs (D:11)
  An orc wizard (D:6)
  3 gnolls (D:5)
  An adder (D:6)
  4 orcs (D:6)
18 creatures vanquished.

Grand Total: 335 creatures vanquished

Notes
Turn   | Place    | Note
-------+----------+-------------------------------------------
     0 | D:1      | Minstaer the Minotaur Fighter began the quest for the Orb.
     0 | D:1      | Reached XP level 1. HP: 19/19 MP: 0/0
   128 | D:1      | Reached XP level 2. HP: 27/27 MP: 1/1
   834 | D:2      | Reached skill level 4 in Shields
   834 | D:2      | Reached XP level 3. HP: 29/33 MP: 2/2
  1114 | D:2      | Reached XP level 4. HP: 36/41 MP: 3/3
  1492 | D:3      | Noticed Minstaer's ghost (amateur HOMo)
  1505 | D:3      | Killed Minstaer's ghost
  1505 | D:3      | Reached skill level 5 in Fighting
  1505 | D:3      | Reached skill level 5 in Shields
  1505 | D:3      | Reached XP level 5. HP: 43/48 MP: 4/4
  1823 | D:3      | Noticed Ijyb
  1824 | D:3      | Found a sparkling altar of Nemelex Xobeh.
  1873 | D:3      | Killed Ijyb
  1919 | D:3      | Became a worshipper of Nemelex Xobeh the Trickster
  1951 | D:3      | Found a basalt altar of Yredelemnul.
  2142 | D:4      | Reached skill level 5 in Maces & Flails
  2173 | D:4      | Reached XP level 6. HP: 33/56 MP: 5/5
  2439 | D:4      | Received a gift from Nemelex Xobeh
  2457 | D:4      | Reached skill level 6 in Shields
  2794 | D:4      | Found Giwilan's Assorted Antiques.
  2811 | D:4      | Reached XP level 7. HP: 54/63 MP: 6/6
  3513 | D:4      | Reached skill level 7 in Shields
  3557 | D:4      | Reached * piety under Nemelex Xobeh
  3656 | D:5      | Entered Level 5 of the Dungeon
  3686 | D:5      | Reached XP level 8. HP: 73/73 MP: 7/7
  3866 | D:5      | Noticed Prince Ribbit
  3871 | D:5      | Killed Prince Ribbit
  3882 | D:5      | Found Coyrhom's Antique Armour Shoppe.
  3911 | D:5      | Reached skill level 8 in Shields
  3923 | D:5      | Found Jidghef's Assorted Antiques.
  3954 | D:5      | Found a staircase to the Ecumenical Temple.
  3962 | Temple   | Entered the Ecumenical Temple
  4224 | D:5      | Found an opulent altar of Gozag.
  4371 | D:5      | Received a gift from Nemelex Xobeh
  4697 | D:6      | Reached skill level 9 in Shields
  4697 | D:6      | Reached XP level 9. HP: 71/82 MP: 8/8
  4724 | D:6      | Reached ** piety under Nemelex Xobeh
  5061 | D:6      | Found a radiant altar of Vehumet.
  5355 | D:6      | Found a sparkling altar of Nemelex Xobeh.
  5415 | D:7      | Received a gift from Nemelex Xobeh
  5472 | D:7      | Found a deep blue altar of Sif Muna.
  5625 | D:7      | Noticed urutzu's ghost (novice SpEn)
  5635 | D:7      | Killed urutzu's ghost
  5635 | D:7      | Reached skill level 10 in Shields
  6228 | D:7      | Reached skill level 10 in Fighting
  6399 | D:8      | Reached skill level 10 in Maces & Flails
  6468 | D:8      | Found a staircase to the Lair.
  6641 | D:8      | Got a transparent platinum ring
  6665 | D:8      | Reached XP level 10. HP: 83/94 MP: 9/9
  7142 | D:8      | Found a glowing silver altar of Zin.
  7181 | D:9      | Reached *** piety under Nemelex Xobeh
  7192 | D:9      | Noticed Maurice
  7531 | D:9      | Killed Maurice
  7583 | D:9      | Found a shadowy altar of Dithmenos.
  7616 | D:9      | Reached skill level 11 in Shields
  7637 | D:9      | Identified the ring "Musit" {rPois Dex+5 Stlth+} (You found it on level 8 of the Dungeon)
  7724 | D:9      | Found Nesategh's Antique Weapon Emporium.
  8084 | D:10     | Entered Level 10 of the Dungeon
  8101 | D:10     | Noticed a cyclops
  8125 | D:10     | Killed a cyclops
  8164 | D:10     | Paralysed by a hornet for 1 turns
  8637 | D:10     | Noticed a two-headed ogre
  8652 | D:10     | Killed a two-headed ogre
  8932 | D:10     | Reached skill level 12 in Shields
  9115 | D:10     | Noticed a deep elf mage
  9125 | D:10     | Killed a deep elf mage
  9125 | D:10     | Reached XP level 11. HP: 102/103 MP: 10/10
  9593 | D:11     | Reached **** piety under Nemelex Xobeh
  9636 | D:11     | Noticed a two-headed ogre
  9648 | D:11     | Killed a two-headed ogre
 10053 | D:11     | Received a gift from Nemelex Xobeh
 10602 | D:11     | Noticed a white ugly thing
 10838 | D:5      | Bought a glowing chain mail for 157 gold pieces
 10838 | D:5      | Bought a glowing cloak for 157 gold pieces
 10907 | D:4      | Bought a scroll of identify for 44 gold pieces
 10907 | D:4      | Bought a glowing wooden ring for 110 gold pieces
 11025 | Lair:1   | Entered Level 1 of the Lair of Beasts
 11177 | Lair:1   | Found a frozen archway.
 11186 | Lair:1   | Got an ichor-stained arbalest
 11190 | IceCv    | Entered an ice cave
 11193 | IceCv    | Received a gift from Nemelex Xobeh
 11380 | IceCv    | Reached skill level 13 in Shields
 12291 | IceCv    | Reached XP level 12. HP: 46/114 MP: 11/11
 12898 | IceCv    | Noticed a frost giant
 12945 | IceCv    | Killed a frost giant
 12952 | IceCv    | Reached skill level 14 in Shields
 13027 | IceCv    | HP: 4/115 [polar bear (13)]
 13028 | IceCv    | Mangled by a polar bear

Skill      XL: |  1  2  3  4  5  6  7  8  9 10 11 12 |
---------------+-------------------------------------+-----
Fighting       | 4 5 6 7 8 10 12 13 | 13.9
Maces & Flails | 3 4 5 6 8 10 11 13 | 13.9
Shields        | 4 5 6 7 9 10 12 13 14 | 14.1
Armour         | |  3.6

Action                   |  1- 3 |  4- 6 |  7- 9 | 10-12 || total
-------------------------+-------+-------+-------+-------++-------
Melee: Flail             |    94 |   113 |   292 |   641 ||  1140
       Headbutt          |    14 |    17 |    63 |   166 ||   260
 Fire: Blowgun           |       |       |       |    15 ||    15
Throw: Stone             |     7 |       |       |       ||     7
       Javelin           |     2 |    17 |    41 |    22 ||    82
       Tomahawk          |       |       |       |    10 ||    10
Invok: Triple Draw       |       |       |       |     1 ||     1
Evoke: Deck              |       |       |     4 |     9 ||    13
  Use: Scroll            |       |       |     7 |     8 ||    15
       Potion            |       |       |       |    11 ||    11
 Stab: Distracted        |       |       |     1 |       ||     1
       Sleeping          |       |       |       |     2 ||     2
  Eat: Chunk             |     1 |     5 |    12 |    15 ||    33
       Fruit             |       |       |     3 |       ||     3
       Meat ration       |       |       |       |     1 ||     1
Armor: Scale mail        |    34 |    16 |       |       ||    50
       Ring mail         |       |     7 |    44 |    52 ||   103
       Chain mail        |       |       |       |    75 ||    75
Dodge: Dodged            |    21 |    20 |    63 |   166 ||   270
Block: Shield            |    51 |    47 |   125 |   344 ||   567
